 Dungeon Crawl Stone Soup version 0.29.1-4-g47bece8355 (webtiles) character file.

Game seed: 9658614285065118429

1779 GigaChad the Cleaver (level 8, -2/68 (70) HPs)
             Began as a Minotaur Fighter on Dec 6, 2022.
             Was a Priest of Qazlal.
             Killed from afar by a steam dragon (10 damage)
             ... with a ball of steam
             ... on level 6 of the Dungeon.
             The game lasted 00:08:37 (4276 turns).

GigaChad the Cleaver (Minotaur Fighter)             Turns: 4276, Time: 00:08:38

HP:   -2/68 (70)    AC: 18    Str: 22    XL:     8   Next: 81%
MP:   7/7           EV:  8    Int:  5    God:    Qazlal [***...]
Gold: 203           SH:  9    Dex: 11    Spells: 7/7 levels left

rFire   . . .      SeeInvis .   a - +1 war axe
rCold   . . .      Faith    .   c - +0 buckler
rNeg    . . .      Spirit   .   s - +1 chain mail
rPois   .          Reflect  .   (helmet restricted)
rElec   .          Harm     .   (no cloak)
rCorr   .          Rampage  .   l - +2 pair of gloves
Will    .....                   (no boots)
Stlth   ..........              (no amulet)
HPRegen 0.21/turn               k - +4 ring of protection
MPRegen 0.10/turn               (no ring)

@: lightly drained
A: horns 2, retaliatory headbutt
a: Renounce Religion, Upheaval, Elemental Force


You were on level 6 of the Dungeon.
You worshipped Qazlal.
Qazlal was most pleased with you.
You visited 2 branches of the dungeon, and saw 7 of its levels.

You collected 203 gold pieces.

Inventory:

Hand Weapons
 a - a +1 war axe (weapon)
Armour
 b - a +0 scale mail
 c - a +0 buckler (worn)
 l - a +2 pair of gloves (worn)
 s - a +1 chain mail (worn)
Jewellery
 k - a +4 ring of protection (left hand)
 y - an amulet of reflection
Wands
 u - a wand of quicksilver (7)
Scrolls
 f - 5 scrolls of identify {unknown}
 g - a scroll of vulnerability {unknown}
 h - a scroll of butterflies {unknown}
 m - a scroll of silence {unknown}
 q - a scroll of teleportation {unknown}
 r - 2 scrolls of magic mapping {unknown}
 w - 2 scrolls of poison
 z - a scroll of summoning {unknown}
Potions
 d - a potion of might
 e - 4 potions of curing {unknown}
 i - 2 potions of mutation {unknown}
 j - a potion of invisibility {unknown}
 n - a potion of lignification {unknown}
 o - 5 potions of degeneration {unknown}
 p - 2 potions of cancellation {unknown}
 t - 3 potions of attraction {unknown}
 v - a potion of haste {unknown}
 x - a potion of resistance {unknown}


   Skills:
 + Level 6.3 Fighting
 + Level 9.4 Axes
 + Level 7.0 Armour
 + Level 2.3 Dodging
 + Level 0.8 Stealth
 + Level 6.4 Shields


You had 7 spell levels left.
You didn't know any spells.
Your spell library contained the following spells:

 Spells                   Type           Power      Damage    Failure   Level
 Sublimation of Blood     Necr           0%         N/A       100%        2
 Wereblood                Tmut           0%         N/A       100%        2
 Call Canine Familiar     Summ           0%         N/A       100%        3
 Portal Projectile        Hex/Tloc       0%         N/A       100%        3
 Leda's Liquefaction      Hex/Erth       0%         N/A       100%        4
 Summon Forest            Summ/Tloc      0%         N/A       100%        5
 Summon Mana Viper        Hex/Summ       0%         N/A       100%        5
 Summon Cactus Giant      Summ           0%         N/A       100%        6
 Summon Hydra             Summ           0%         N/A       100%        7


Dungeon Overview and Level Annotations

Branches:
Dungeon (6/15)             Temple (1/1) D:5

Altars:
Ashenzari
Cheibriados
Dithmenos
Elyvilon
Fedhas
Gozag
Kikubaaqudgha
Makhleb
Nemelex Xobeh
Okawaru
Qazlal
Ru
Sif Muna
Trog
Uskayaw
Vehumet
Wu Jian
Xom
Yredelemnul
Zin
The Shining One

Annotations:
D:5 3 runed translucent doors, dylex's ghost, novice DjCA
Temple 4 transporters


Innate Abilities, Weirdness & Mutations

You have a pair of horns on your head.
You reflexively headbutt those who attack you in melee.


Message History

The necrophage hits you but does no damage.
A puff of flame appears from out of thin air!
The puff of flame hits you!
* * * LOW HITPOINT WARNING * * *
You bump into the rock wall.
The necrophage hits you.
* * * LOW HITPOINT WARNING * * *
The orc closely misses you.
You bump into the rock wall.
You feel less confused. The orc closely misses you.
You block the necrophage's attack.
You slice the orc!!
You kill the orc!
Qazlal accepts your kill.
You barely miss the necrophage.
The necrophage hits you but does no damage.
You slash the steam dragon!
The steam dragon is heavily wounded.
You barely miss the necrophage. The necrophage barely misses you.
The steam dragon breathes steam at you.
The ball of steam hits you but does no damage.
You hear an angry hiss.
You hit the steam dragon but do no damage.
You headbutt the steam dragon.
The steam dragon is heavily wounded.
You closely miss the necrophage. The necrophage hits you.
* * * LOW HITPOINT WARNING * * *
You feel drained.
The steam dragon bites you but does no damage.
You block the steam dragon's attack.
You hit the steam dragon.
The steam dragon is severely wounded.
You hit the necrophage but do no damage.
The necrophage hits you but does no damage.
You block the steam dragon's attack. The steam dragon barely misses you.
You hit the steam dragon. Your headbutt misses the steam dragon.
The steam dragon is severely wounded.
You hit the necrophage. You block the necrophage's attack.
The steam dragon breathes steam at you. The ball of steam hits you!
You die...

..## ..#
########.#
##.....##<#
......##.#
....##.####
#.)##....#
#nD#$..###
PP#@..###
...#.○####
._._##.....#
#P###
##..#..[..
##.....#.
####... #.


You could see a steam dragon (catching breath) and a necrophage.

Vanquished Creatures
  A two-headed ogre (D:6)
  Pikel (D:5)
  Edmund (D:5)
  A black bear (D:5)
  A lemure (D:5)
  A phantom (D:5)
  A necrophage (D:5)
  2 scorpions
  An orc priest (D:6)
  A hound (D:5)
  3 orc wizards
  5 adders
  A gnoll (D:5)
  A river rat (D:5)
  A shadow imp (D:5)
  An ufetubus (D:4)
  A worm (D:2)
  A dart slug (D:4)
  17 orcs
  9 ball pythons
  5 endoplasms
  4 giant cockroaches
  4 goblins
  9 hobgoblins
  3 jackals (D:5)
  2 quokkas (D:5)
  3 bats
  6 frilled lizards
  12 kobolds
  4 rats
103 creatures vanquished.

Vanquished Creatures (others)
  2 plants (D:6)
2 creatures vanquished.

Grand Total: 105 creatures vanquished

Notes
Turn   | Place    | Note
-------+----------+-------------------------------------------
     0 | D:1      | GigaChad the Minotaur Fighter began the quest for the Orb.
     0 | D:1      | Reached XP level 1. HP: 19/19 MP: 0/0
    26 | D:1      | Found a faded altar of an unknown god.
    47 | D:1      | Prayed at the altar of an unknown god.
    47 | D:1      | Became a worshipper of Qazlal Stormbringer
    47 | D:1      | Reached * piety under Qazlal
   499 | D:1      | Reached XP level 2. HP: 27/27 MP: 1/1
  1210 | D:2      | Reached skill level 3 in Axes
  1248 | D:2      | Reached XP level 3. HP: 33/33 MP: 2/2
  1856 | D:3      | Reached ** piety under Qazlal
  2058 | D:3      | Reached XP level 4. HP: 40/40 MP: 3/3
  2313 | D:4      | Reached skill level 4 in Axes
  2322 | D:4      | Reached skill level 1 in Dodging
  2415 | D:4      | Noticed a scorpion
  2420 | D:4      | Killed a scorpion
  2421 | D:4      | Reached XP level 5. HP: 47/47 MP: 4/4
  2993 | D:5      | Entered Level 5 of the Dungeon
  3000 | D:5      | Reached skill level 5 in Axes
  3014 | D:5      | Reached XP level 6. HP: 53/53 MP: 5/5
  3044 | D:5      | Found a staircase to the Ecumenical Temple.
  3052 | Temple   | Entered the Ecumenical Temple
  3052 | Temple   | Found a transporter.
  3052 | Temple   | Found a transporter.
  3054 | Temple   | Found a transporter.
  3054 | Temple   | Found a transporter.
  3089 | D:5      | Reached skill level 6 in Axes
  3108 | D:5      | Noticed Edmund
  3125 | D:5      | Killed Edmund
  3126 | D:5      | Reached skill level 5 in Fighting
  3126 | D:5      | Reached skill level 5 in Armour
  3126 | D:5      | Reached skill level 5 in Shields
  3126 | D:5      | Reached XP level 7. HP: 25/61 MP: 6/6
  3350 | D:5      | Found a runed translucent gate.
  3350 | D:5      | Found a runed translucent gate.
  3350 | D:5      | Found a runed translucent gate.
  3350 | D:5      | Noticed dylex's ghost (novice DjCA)
  3402 | D:5      | Reached *** piety under Qazlal
  3586 | D:5      | Noticed Pikel
  3602 | D:5      | Reached skill level 7 in Axes
  3603 | D:5      | Killed Pikel
  3604 | D:5      | Reached skill level 8 in Axes
  3604 | D:5      | Reached XP level 8. HP: 27/70 MP: 7/7
  4209 | D:6      | Noticed a two-headed ogre
  4216 | D:6      | Killed a two-headed ogre
  4217 | D:6      | Reached skill level 9 in Axes
  4261 | D:6      | Found an ornate altar of the Wu Jian Council.
  4263 | D:6      | Found a stormy altar of Qazlal.
  4276 | D:6      | Killed from afar by a steam dragon

Illustrated notes

Levels and vault maps discovered:
D:1:      mushboom_english_gardens, layout_loops_corners, basic_ecumenical_altar
D:2:      layout_basic, nrook_mini_vaults, nicolae_figureground_pulse,
          uniq_jessica
D:3:      layout_loops_ring, minmay_misc_feat_doors
D:4:      layout_basic
D:5:      layout_cave_pools, minmay_temple_entry_steel_oval,
          gammafunk_ghost_nasty_kobolds, portal_sewer_entry_e,
          amcnicky_mini_pool_medium, uniq_pikel, uniq_edmund
D:6:      layout_rooms, gammafunk_temple_overflow_forgotten,
          minmay_misc_feat_rows, uniq_menkaure
Temple:   hellmonk_temple_divided_pantheon

Skill      XL: |  1  2  3  4  5  6  7  8 |
---------------+-------------------------+-----
Fighting       | 4 5 6 |  6.3
Shields        | 4 5 6 |  6.4
Armour         | 4 5 6 7 |  7.0
Axes           | 3 4 5 6 8 9 |  9.4
Dodging        | 1 2 |  2.3
Stealth        | |  0.8

Action                   |  1- 3 |  4- 6 |  7- 9 || total
-------------------------+-------+-------+-------++-------
Melee: War axe           |    82 |    85 |    64 ||   231
       Headbutt          |     8 |    13 |    13 ||    34
  Use: Scroll            |     2 |     3 |       ||     5
Armor: Scale mail        |    44 |       |       ||    44
       Chain mail        |    19 |    57 |    68 ||   144
Dodge: Dodged            |    28 |    30 |    29 ||    87
Block: Buckler           |    38 |    47 |    43 ||   128
